 Dungeon Crawl Stone Soup version 0.32-a0-468-g38b2580584 (webtiles) character file.

Game seed: 6984739367848791577

352 Dirtsage the Cleaver (level 6, -3/51 HPs)
             Began as a Mountain Dwarf Fighter on Feb 24, 2024.
             Was an Initiate of Makhleb.
             Slain by a gnoll
             ... wielding a +0 spear
             ... led by a gnoll bouda
              (4 damage)
             ... on level 4 of the Dungeon.
             The game lasted 00:03:12 (2856 turns).

Dirtsage the Cleaver (Mountain Dwarf Fighter)       Turns: 2856, Time: 00:03:13

Health: -3/51      AC:  8    Str: 20    XL:     6   Next: 35%
Magic:  6/6        EV:  9    Int:  9    God:    Makhleb [......]
Gold:   408        SH:  4    Dex:  9    Spells: 5/5 levels left

rFire   . . .        a - +0 war axe
rCold   . . .        c - +0 buckler
rNeg    . . .        b - +0 scale mail
rPois   .            (no helmet)
rElec   .            (no cloak)
rCorr   .            (no gloves)
SInv    .            n - +0 pair of boots
Will    .....        (no amulet) Stlth
                     (no ring)
HPRegen 0.28/turn    (no ring)
MPRegen 0.10/turn

%: no passive effects
@: mighty, weakened
A: runic magic, artefact enchanting
a: Renounce Religion


You were on level 4 of the Dungeon.
You worshipped Makhleb.
Makhleb was noncommittal.
You visited 2 branches of the dungeon, and saw 5 of its levels.

You collected 408 gold pieces.

Inventory:

Hand Weapons
 a - a +0 war axe (weapon)
Missiles
 o - a throwing net (quivered)
Armour
 b - a +0 scale mail (worn)
 c - a +0 buckler (worn)
 n - a +0 pair of boots (worn)
Magical Staves
 k - a staff of conjuration
Wands
 D - a wand of digging (1)
Scrolls
 e - 3 scrolls of revelation {unknown}
 h - 3 scrolls of identify {unknown}
 l - a scroll of enchant weapon {unknown}
 q - a scroll of torment {unknown}
 r - a scroll of vulnerability {unknown}
 s - a scroll of fear {unknown}
Potions
 f - 4 potions of curing {unknown}
 g - 5 potions of heal wounds {unknown}
 i - 2 potions of enlightenment {unknown}
 j - a potion of lignification {unknown}
 m - 2 potions of attraction {unknown}
 p - a potion of mutation {unknown}


   Skills:
 - Level 3.2 Fighting
 + Level 8.2 Axes
 - Level 3.2 Armour
 - Level 3.2 Shields


You had 5 spell levels left.
You didn't know any spells.
Your spell library was empty.

Dungeon Overview and Level Annotations

Branches:
Dungeon (4/15)             Temple (1/1) D:4

Altars:
Ashenzari
Fedhas
Gozag
Hepliaklqana
Makhleb
Okawaru
Qazlal
Sif Muna
Uskayaw
Xom
Yredelemnul


Innate Abilities, Weirdness & Mutations

Your spellcasting is much less encumbered by armour.
You can use scrolls of enchantment on lesser artefacts.


Message History

The gnoll hits you from afar with a +0 spear.
The adder bites you but does no damage. The gnoll hits you with a +0 club.
The gnoll bouda gazes fiercely through you!
You feel your attacks grow feeble. The gnoll bouda barely misses you.
The gnoll hits you but does no damage.
You take 8 damage, and have 22/51 hp.
Okay, then.
You feel very mighty all of a sudden. The adder bites you but does no damage.
The gnoll hits you from afar with a +0 spear!
* * * LOW HITPOINT WARNING * * *
The gnoll hits you with a +0 club.
* * * LOW HITPOINT WARNING * * *
The gnoll hits you from afar with a +0 spear.
* * * LOW HITPOINT WARNING * * *
The gnoll bouda calls upon its god to heal the gnoll.
The gnoll is healed somewhat.
You take 13 damage, and have 9/51 hp.
MASSIVE DAMAGE!!
You miss the adder.
The adder is almost dead.
You hit the gnoll. You barely miss the gnoll bouda.
The adder bites you but does no damage.
The gnoll hits you from afar with a +0 spear.
* * * LOW HITPOINT WARNING * * *
You block the gnoll's attack. The gnoll barely misses you.
The gnoll bouda closely misses you. The adder bites you but does no damage.
You take 3 damage, and have 6/51 hp.
You closely miss the adder.
The adder is almost dead.
You hit the gnoll.
You kill the gnoll!
Makhleb accepts your kill.
You hit the gnoll bouda.
The gnoll hits you from afar with a +0 spear.
* * * LOW HITPOINT WARNING * * *
The adder bites you but does no damage.
The gnoll bouda hits you with a +2 whip of electrocution.
* * * LOW HITPOINT WARNING * * *
The gnoll hits you from afar with a +0 spear.
You die...

###.# ..# #.## ...
#..####...< ..#
#.........
....####.....##.
..........####
......).g###
.####......####...
#......@Sg.....
#.......)g.....#
##..............
###.....##.....
##....# .....
#..... .... ......
... ..#.... #..


You could see a gnoll bouda, 2 gnolls and an adder.

Vanquished Creatures
  A black bear (D:4)
  A bombardier beetle (D:3)
  An orc priest (D:3)
  An iguana (D:4)
  An orc wizard (D:3)
  A gnoll (D:4)
  7 adders
  2 ribbon worms
  2 dart slugs
  5 orcs
  3 bats (D:1)
  7 endoplasms
  A giant cockroach (D:2)
  10 goblins
  6 hobgoblins
  7 jackals
  5 kobolds
  4 quokkas
  7 ball pythons
  3 frilled lizards
  2 rats
77 creatures vanquished.

Notes
Turn   | Place    | Note
-------+----------+-------------------------------------------
     0 | D:1      | Dirtsage the Mountain Dwarf Fighter began the quest for the
                  | Orb.
     0 | D:1      | Reached XP level 1. HP: 19/19 MP: 1/1
    22 | D:1      | Reached skill level 3 in Axes
    88 | D:1      | Reached XP level 2. HP: 26/26 MP: 2/2
   580 | D:2      | Reached skill level 4 in Axes
   584 | D:2      | Reached XP level 3. HP: 29/31 MP: 3/3
  1111 | D:2      | Reached skill level 5 in Axes
  1448 | D:3      | Reached XP level 4. HP: 21/38 MP: 4/4
  1626 | D:3      | Reached skill level 6 in Axes
  1644 | D:3      | Reached XP level 5. HP: 11/45 MP: 5/5
  1872 | D:3      | Found a basalt altar of Yredelemnul.
  1969 | D:3      | Reached skill level 7 in Axes
  2382 | D:4      | Found a staircase to the Ecumenical Temple.
  2391 | Temple   | Entered the Ecumenical Temple
  2400 | Temple   | Became a worshipper of Makhleb the Destroyer
  2423 | D:4      | Noticed a black bear
  2447 | D:4      | Killed a black bear
  2448 | D:4      | Reached skill level 8 in Axes
  2448 | D:4      | Reached XP level 6. HP: 22/51 MP: 6/6
  2555 | D:4      | Found an opulent altar of Gozag.
  2856 | D:4      | HP: 1/51 [gnoll bouda/+2 whip of electrocution (3)]
  2856 | D:4      | Slain by a gnoll

Illustrated notes

Levels and vault maps discovered:
D:1:      dpeg_arrival_rooms_b, layout_rooms, serial_bayou_pond_e
D:2:      layout_basic, grunt_decor_one_mirror
D:3:      layout_basic, amcnicky_altar_gilded
D:4:      layout_layer_cave, pdpol_temple_overflow_zin_treasury_gozag_greed,
          minmay_temple_entry_mini_moons, minmay_pentomino_pile
Temple:   nicolae_temple_cloud_nine

Skill      XL: |  1  2  3  4  5 |
---------------+----------------+-----
Axes           | 3 4 5 6 8 |  8.2
Fighting       | |  3.2
Armour         | |  3.2
Shields        | |  3.2

Action                     |  1- 3 |  4- 6 || total
---------------------------+-------+-------++-------
  Melee: War axe           |    87 |   162 ||   249
    Use: Potion            |       |     1 ||     1
 Armour: Scale mail        |    60 |   145 ||   205
  Dodge: Dodged            |    40 |    69 ||   109
  Block: Buckler           |    17 |    28 ||    45

Table legend: (Time is in decaauts)
 A = Elapsed time spent in this place.
 B = Non-inter-level travel time spent in this place.
 C = Inter-level travel time spent in this place.
 D = Time resting spent in this place.
 E = Time spent auto-exploring this place.
 F = Levels seen in this place.
 G = Mean time per level.
                   A        B        C        D        E       F      G
               +--------+--------+--------+--------+--------+-----+--------+
         Total |   2914 |   2848 |     66 |      0 |   2297 |   5 |  582.8 |
       Dungeon |   2898 |   2837 |     61 |      0 |   2297 |   4 |  724.5 |
        Temple |     15 |     10 |      5 |      0 |      0 |   1 |   15.0 |
               +--------+--------+--------+--------+--------+-----+--------+

Top non-repeatable levels by time:
     D:2: 898 daAuts
     D:3: 825 daAuts
     D:4: 676 daAuts
     D:1: 498 daAuts
  Temple: 15 daAuts
